 Dungeon Crawl Stone Soup version 0.19.0-11-g3fc08b3 (webtiles) character file.

6358 lorenzova the Fighter (level 10, -5/96 HPs)
             Began as a Minotaur Berserker on Nov 8, 2016.
             Was a High Priest of Trog.
             Slain by an unseen horror (11 damage)
             ... on level 10 of the Dungeon.
             The game lasted 00:11:05 (6495 turns).

lorenzova the Fighter (Minotaur Berserker)          Turns: 6495, Time: 00:11:06

Health: -5/96      AC:  2    Str: 24    XL:     10   Next: 65%
Magic:  9/9        EV: 17    Int:  4    God:    Trog [*****.]
Gold:   547        SH:  0    Dex: 11    Spells: 0 memorised, 9 levels left

rFire  . . .     SeeInvis .     k - +0 war axe (curse)
rCold  . . .     Gourm    .     (no armour)
rNeg   . . .     Faith    .     (no shield)
rPois  .         Spirit   .     (helmet restricted)
rElec  .         Reflect  .     g - +1 cloak
rCorr  .         Harm     .     (no gloves)
MR     .....                    (no boots)
Stlth  +.........               t - amulet of regeneration
                                (no ring)
                                (no ring)

@: no status effects
A: retaliatory headbutt, horns 2
a: Berserk, Trog's Hand, Brothers in Arms, Burn Spellbooks, Renounce Religion


You were on level 10 of the Dungeon.
You worshipped Trog.
Trog was extremely pleased with you.
You were not hungry.

You visited 1 branch of the dungeon, and saw 10 of its levels.

You collected 547 gold pieces.

Inventory:

Hand Weapons
 a - a +0 hand axe
 k - a cursed +0 war axe (weapon)
 J - a +1 mace of protection
Armour
 b - a +0 animal skin
 g - a +1 cloak (worn)
 p - a +0 chain mail
 G - a +3 chain mail
 L - a +2 scale mail of positive energy
Jewellery
 t - an amulet of regeneration (around neck)
Wands
 A - a wand of polymorph (4/24)
 B - a wand of iceblast (4/15)
 F - a wand of acid (7/15)
Scrolls
 f - 4 scrolls of teleportation
 i - a scroll of immolation {unknown}
 l - a scroll of blinking {unknown}
 n - 5 scrolls of remove curse
 s - a scroll of enchant weapon {unknown}
 x - a scroll of random uselessness {unknown}
 y - 3 scrolls of identify
 C - a scroll of summoning {unknown}
Potions
 d - 4 potions of haste {unknown}
 e - 2 potions of heal wounds {unknown}
 h - a potion of curing {unknown}
 j - 2 potions of flight {unknown}
 m - a potion of ambrosia {unknown}
 o - a potion of brilliance {unknown}
 q - 2 potions of berserk rage {unknown}
 u - 2 potions of agility {unknown}
 v - a potion of mutation {unknown}
 w - 2 potions of degeneration {unknown}
 D - a potion of cure mutation {unknown}
 H - a potion of might {unknown}
 I - a potion of resistance {unknown}
Comestibles
 c - 12 bread rations
 r - 3 slices of pizza
 z - 3 meat rations
 E - 6 beef jerkies
 K - a chunk of flesh


   Skills:
 + Level 11.5 Fighting
 - Level 3.6 Axes
 + Level 11.2 Armour
 + Level 10.6 Dodging


You had 9 spell levels left.
You didn't know any spells.

Dungeon Overview and Level Annotations

Branches:
Dungeon (10/15)            Temple (0/1) D:4            Lair (0/6) D:9
    Orc: D:9-12

Altars:

Shops:
D:8 :

Annotations:
D:10 exclusion: ice statue


Innate Abilities, Weirdness & Mutations

You reflexively headbutt those who attack you in melee.
You have a pair of horns on your head.


Message History

You miss something. Your headbutt misses something. Something hits you!
* * * LOW HITPOINT WARNING * * *
You start resting.
There is a strange disturbance nearby!
You slash something! Something hits you!
* * * LOW HITPOINT WARNING * * *
Something completely misses you. Something hits you.
* * * LOW HITPOINT WARNING * * *
You slash something! Something hits you.
* * * LOW HITPOINT WARNING * * *
Something barely misses you. x2
You barely miss something. Something hits you.
* * * LOW HITPOINT WARNING * * *
Something hits you.
* * * LOW HITPOINT WARNING * * *
Something hits you.
* * * LOW HITPOINT WARNING * * *
Something hits you!
You die...

#..#.#..##...#....#
....#.......#....#
#...#.......#....#
#.#.#.......#..#.# ####
#...#######'#....# .....
#................. .....
#......#########.. #....
#.#...............
#.#..###@..####+#########
#.....[.{).# ####.#...#)#
#.......# #.^.....#
#####.#.# #...# #...#
#...#


There were no monsters in sight!

Vanquished Creatures
  A hill giant (D:10)
  A spiny frog (D:9)
  3 two-headed ogres
  A troll (D:9)
  Prince Ribbit (D:8)
  3 hippogriffs
  Sigmund (D:3)
  A wyvern (D:8)
  4 orc warriors
  2 ice beasts
  A phantom (D:4)
  9 ogres
  A necrophage (D:9)
  2 centaurs
  A big kobold (D:9)
  5 bullfrogs
  Blork the orc (D:6)
  A gnoll sergeant (D:9)
  4 scorpions
  5 wights (D:8)
  2 howler monkeys
  3 crimson imps
  A jelly (D:9)
  A centaur skeleton (D:7)
  A gnoll shaman (D:8)
  3 orc priests
  A bullfrog skeleton (D:8)
  Ijyb (D:3)
  7 iguanas
  6 worker ants
  6 orc wizards
  A hound skeleton (D:4)
  16 gnolls
  2 howler monkey skeletons (D:9)
  7 adders
  A shadow imp (D:7)
  2 oozes
  2 adder zombies
  A worm (D:4)
  2 dart slugs (D:1)
  6 leopard geckos
  32 orcs
  2 ball pythons
  10 bats
  4 giant cockroaches
  5 hobgoblins
  8 jackals (D:9)
  12 kobolds
  3 quokkas
  4 frilled lizards
  4 goblins
  2 quokka skeletons
  6 rats
212 creatures vanquished.

Notes
Turn   | Place    | Note
-------+----------+-------------------------------------------
     0 | D:1      | lorenzova the Minotaur Berserker began the quest for the Orb.
     0 | D:1      | Reached XP level 1. HP: 19/19 MP: 0/0
   141 | D:1      | Reached XP level 2. HP: 20/27 MP: 1/1
   778 | D:2      | Reached XP level 3. HP: 11/33 MP: 2/2
  1053 | D:2      | Reached ** piety under Trog
  1427 | D:3      | Reached XP level 4. HP: 30/41 MP: 3/3
  1442 | D:3      | Noticed Sigmund
  1453 | D:3      | Killed Sigmund
  1453 | D:3      | Reached skill level 5 in Fighting
  1453 | D:3      | Reached XP level 5. HP: 48/48 MP: 4/4
  1625 | D:3      | Noticed Ijyb
  1636 | D:3      | Killed Ijyb
  1636 | D:3      | Reached XP level 6. HP: 51/56 MP: 5/5
  2147 | D:4      | Reached skill level 5 in Armour
  2393 | D:4      | Reached skill level 5 in Dodging
  2592 | D:4      | Reached XP level 7. HP: 63/63 MP: 6/6
  2710 | D:4      | Found a staircase to the Ecumenical Temple.
  3094 | D:5      | Entered Level 5 of the Dungeon
  3569 | D:6      | Reached *** piety under Trog
  3719 | D:6      | Reached XP level 8. HP: 73/73 MP: 7/7
  3955 | D:6      | Noticed Blork the orc
  3964 | D:6      | Killed Blork the orc
  4368 | D:7      | Noticed a hippogriff
  4377 | D:7      | Killed a hippogriff
  4433 | D:7      | Reached XP level 9. HP: 83/83 MP: 8/8
  4834 | D:8      | Noticed Prince Ribbit
  4858 | D:8      | Reached **** piety under Trog
  5022 | D:8      | Reached skill level 10 in Fighting
  5202 | D:8      | Found Nolucuw's Book Shoppe.
  5672 | D:8      | Killed Prince Ribbit
  5672 | D:8      | Reached skill level 10 in Armour
  5722 | D:9      | Found a staircase to the Lair.
  5723 | D:9      | Noticed a spiny frog
  5723 | D:9      | Noticed a troll
  5739 | D:9      | Killed a spiny frog
  5739 | D:9      | Reached XP level 10. HP: 38/94 MP: 9/9
  5775 | D:9      | Reached ***** piety under Trog
  5879 | D:9      | Reached skill level 10 in Dodging
  6060 | D:9      | Received a gift from Trog
  6294 | D:10     | Entered Level 10 of the Dungeon
  6345 | D:10     | Noticed a hill giant
  6355 | D:10     | Killed a hill giant
  6399 | D:10     | Noticed an ice statue
  6495 | D:10     | Slain by an unseen horror

Skill      XL: |  1  2  3  4  5  6  7  8  9 10 |
---------------+-------------------------------+-----
Fighting       | 4 5 6 7 9 10 11 | 11.5
Armour         | 3 4 5 6 8 10 11 | 11.2
Dodging        | 3 4 5 6 7 9 10 | 10.6
Axes           | |  3.6

Action                   |  1- 3 |  4- 6 |  7- 9 | 10-12 || total
-------------------------+-------+-------+-------+-------++-------
Melee: Hand axe          |    82 |   106 |    58 |       ||   246
       Headbutt          |    11 |    20 |    70 |    20 ||   121
       War axe           |       |       |   249 |   115 ||   364
Invok: Berserk           |       |     1 |     1 |     1 ||     3
       Trog's Hand       |       |       |     1 |       ||     1
  Use: Scroll            |       |     3 |     3 |       ||     6
  Eat: Chunk             |     1 |     5 |    10 |     4 ||    20
       Beef jerky        |       |       |       |     1 ||     1
Armor: Animal skin       |    16 |       |       |       ||    16
       Chain mail        |     3 |    51 |   162 |    86 ||   302
       Skin              |       |       |       |     1 ||     1
Dodge: Dodged            |    59 |    54 |   223 |   117 ||   453
